 Dungeon Crawl Stone Soup version 0.28.0 (webtiles) character file.

Game seed: 7207353158647949215

80 BorgnjorsVileCrotch the Chopper (level 4, 32/40 HPs)
             Began as a Deep Dwarf Fighter on Feb 12, 2022.
             Was a Believer of Trog.
             Quit the game on level 5 of the Dungeon.
             The game lasted 00:01:53 (378 turns).

BorgnjorsVileCrotch the Chopper (Deep Dwarf Fighter) Turns: 378, Time: 00:01:54

Health: 32/40      AC:  6    Str: 21    XL:     4   Next: 18%
Magic:  3/3        EV:  9    Int:  9    God:    Trog [**....]
Gold:   19         SH:  4    Dex: 12    Spells: 3/3 levels left

rFire   . . .      SeeInvis .   a - +0 war axe
rCold   . . .      Faith    .   c - +0 buckler
rNeg    . . .      Spirit   .   b - +0 scale mail
rPois   .          Reflect  .   (no helmet)
rElec   .          Harm     .   (no cloak)
rCorr   .          Rampage  .   (no gloves)
Will    .....                   (no boots)
Stlth   ..........              (no amulet)
HPRegen 0.00/turn               (no ring)
MPRegen 0.08/turn               (no ring)

@: no status effects
A: damage resistance, heal wounds, sense surroundings 1, no regeneration
a: Heal Wounds, Renounce Religion, Berserk, Trog's Hand


You were on level 5 of the Dungeon.
You worshipped Trog.
Trog was pleased with you.
You visited 1 branch of the dungeon, and saw 4 of its levels.

You collected 19 gold pieces.

Inventory:

Hand Weapons
 a - a +0 war axe (weapon)
Armour
 b - a +0 scale mail (worn)
 c - a +0 buckler (worn)
Potions
 d - a potion of might {@q3 !q}
 e - a potion of heal wounds {unknown}


   Skills:
 - Level 2.6 Fighting
 + Level 5.0 Axes
 - Level 3.2 Armour
 - Level 3.2 Shields


You had 3 spell levels left.
You didn't know any spells.
Your spell library was empty.

Dungeon Overview and Level Annotations

Branches:
Dungeon (3/15)

Altars:
Trog


Innate Abilities, Weirdness & Mutations

You are resistant to damage.
You can heal yourself by infusing magical energy.
You passively map a small area around you.
You do not regenerate.


Message History

Trog accepts your kill.
The goblin shoots a stone.
The stone hits you. The dart slug launches a dart at you.
The slug dart hits you but does no damage.
The goblin unwields a +0 hunting sling.
The goblin wields a +0 dagger.
You block the goblin's attack. The dart slug launches a dart at you.
The slug dart misses you.
The slug dart hits the goblin.
You feel much better. You block the goblin's attack.
The goblin hits you but does no damage.
You barely miss the goblin.
The goblin is heavily wounded.
You barely miss the worm. The goblin hits you with a +0 dagger.
The dart slug launches a dart at you. The slug dart misses you.
The goblin hits you but does no damage. The worm bites you.
You closely miss the goblin.
The goblin is heavily wounded.
You hit the worm. The goblin hits you but does no damage.
You closely miss the goblin.
The goblin is heavily wounded.
You barely miss the worm. You block the goblin's attack.
The worm barely misses you.
You slash the goblin!
You kill the goblin!
Trog accepts your kill.
You hit the worm. You hit the dart slug. The worm barely misses you.
The dart slug launches a dart at you.
The slug dart hits you but does no damage.
You hit the dart slug.
You kill the dart slug!
Trog accepts your kill.
You hit the worm but do no damage. The worm barely misses you.
You slash the worm!
The worm is heavily wounded.
You slash the worm!
You kill the worm!
Trog accepts your kill.
No target in view!
An iguana comes into view.
The iguana hisses angrily.
There is a shaft here.
You barely miss the iguana. The iguana bites you!
The iguana bites you but does no damage.
You hit the iguana.
The iguana is lightly wounded.
The iguana bites you!
You are too injured to fight recklessly!
You are too injured to fight recklessly!
You hit the iguana.
The iguana is moderately wounded.
The iguana bites you!
You hit the iguana.
The iguana is moderately wounded.
The iguana bites you but does no damage. x2
You slash the iguana!
The iguana is severely wounded.
The iguana bites you.
You slash the iguana!
You kill the iguana!
Trog accepts your kill.
Your Axes skill increases to level 5!
You have reached level 4!
You feel clever.
You see here an iguana corpse.
There is a shaft, spattered with blood here.
Your magical essence is drained by the effort!
You feel much better.
Really dive through this shaft in the floor?
You fall into a shaft and drop 2 floors!
The shaft crumbles and collapses.
You open the door.
There is an open door here.
You open the door.
There is an open door here.
As you read the scroll labelled YTUILE TYESONE, it crumbles to dust.
You hear a loud clanging noise!
It was a scroll of noise.
You hear a bark!
You hear a shout!
Okay, then.
An ufetubus comes into view.
You closely miss the ufetubus. The ufetubus hits you.
The ufetubus barely misses you.
The ufetubus hits you but does no damage.
The ufetubus barely misses you.
You closely miss the ufetubus.
The ufetubus hits you but does no damage.
You block the ufetubus's attack. The ufetubus hits you. x2
You miss the ufetubus. You block the ufetubus's attack. x2
The ufetubus barely misses you. The ufetubus closely misses you.
You closely miss the ufetubus. You block the ufetubus's attack. x2
The ufetubus hits you but does no damage.
The ufetubus hits you.
You closely miss the ufetubus. The ufetubus hits you.
The ufetubus closely misses you. The ufetubus hits you. x2
Are you sure you want to abandon this character and quit the game? (Confirm with "yes".)
Okay, then.
Unknown command.
Unknown command.
Are you sure you want to abandon this character and quit the game? (Confirm with "yes".)

* ,.. ##...#######
######.* #...........
*
......####...........
*
,....................
, ,
,...#####....#######
*,, ..#...#....# #...
*#.#.#.##'### #...
#5#.#.#....# #...
#@..#.#....# #...
#####.#....# #... *
** #......####... ,
######........
#########


You could see an ufetubus.

Vanquished Creatures
  An iguana (D:3)
  A worm (D:3)
  3 dart slugs
  An orc (D:3)
  2 ball pythons (D:1)
  2 endoplasms (D:1)
  A giant cockroach (D:1)
  10 goblins
  6 hobgoblins
  A jackal (D:3)
  5 kobolds
  A quokka (D:2)
  A bat (D:1)
  2 frilled lizards (D:1)
  A rat (D:2)
38 creatures vanquished.

Notes
Turn   | Place    | Note
-------+----------+-------------------------------------------
     0 | D:1      | BorgnjorsVileCrotch the Deep Dwarf Fighter began the quest
                  | for the Orb.
     0 | D:1      | Reached XP level 1. HP: 20/20 MP: 1/1
    38 | D:1      | Reached skill level 3 in Axes
    55 | D:1      | Reached XP level 2. HP: 24/27 MP: 2/2
   117 | D:1      | Found a faded altar of an unknown god.
   125 | D:1      | Prayed at the altar of an unknown god.
   125 | D:1      | Became a worshipper of Trog the Wrathful
   125 | D:1      | Reached * piety under Trog
   240 | D:3      | Reached XP level 3. HP: 22/33 MP: 3/3
   248 | D:3      | Reached skill level 4 in Axes
   295 | D:3      | Reached ** piety under Trog
   316 | D:3      | Reached skill level 5 in Axes
   316 | D:3      | Reached XP level 4. HP: 18/40 MP: 4/4
   318 | D:3      | Your magical essence is drained by the effort!
   319 | D:3      | You fall into a shaft and drop 2 floors!
   319 | D:5      | Entered Level 5 of the Dungeon
   378 | D:5      | Quit the game

Illustrated notes

Levels and vault maps discovered:
D:1:      amcnicky_arrival_underground_garden, layout_basic,
          shapermc_ecumenical_altar_totnotflames
D:2:      layout_basic
D:3:      corexii_shack_village, layout_basic, gammafunk_ghost_split,
          st_stairs_4, uniq_jessica
D:5:      layout_gridville, serial_co_window_serial, co_window_of_opportunity_a,
          co_window_paths_a, co_window_of_opportunity_a,
          co_window_of_opportunity_a, co_window_paths_b,
          co_window_of_opportunity_a, co_window_paths_a,
          co_window_of_opportunity_b, co_window_broadway_a, co_window_paths_c,
          co_window_2corner, co_window_unsneaky_path_e, co_window_paths_c,
          co_window_paths_e, glass_columns_a

Skill      XL: |  1  2  3 |
---------------+----------+-----
Axes           | 3 5 |  5.0
Fighting       | |  2.6
Armour         | |  3.2
Shields        | |  3.2

Action                   |  1- 3 |  4- 6 || total
-------------------------+-------+-------++-------
Melee: War axe           |    62 |     5 ||    67
 Abil: Heal Wounds       |     1 |     1 ||     2
  Use: Scroll            |       |     1 ||     1
Armor: Scale mail        |    39 |     3 ||    42
Dodge: Dodged            |    43 |     5 ||    48
Block: Buckler           |    16 |     5 ||    21
